 Dungeon Crawl Stone Soup version 0.26.1-11-gd32895ea62 (webtiles) character file.

Game seed: 11585078532749205656

142 Zeld the Chopper (level 5, -5/67 HPs)
             Began as a Minotaur Berserker on June 1, 2021.
             Was a Believer of Trog.
             Slain by a gnoll
             ... wielding a +0 club
              (8 damage)
             ... on level 3 of the Dungeon.
             The game lasted 00:02:32 (2921 turns).

Zeld the Chopper (Minotaur Berserker)               Turns: 2921, Time: 00:02:33

Health: -5/67      AC:  0    Str: 23    XL:     5   Next: 3%
Magic:  4/4        EV: 12    Int:  4    God:    Trog [**....]
Gold:   141        SH:  0    Dex:  9    Spells: 4/4 levels left

rFire    . . .     SeeInvis .   a - +0 hand axe
rCold    . . .     Faith    .   (no shield)
rNeg     . . .     Spirit   .   (no armour)
rPois    .         Reflect  .   (helmet restricted)
rElec    .         Harm     .   (no cloak)
rCorr    .         Rampage  .   (no gloves)
Will     .....                  (no boots)
Stlth    ..........             (no amulet)
HPRegen  0.21/turn              (no ring)
MPRegen  0.09/turn              (no ring)

@: berserking, very quick
A: retaliatory headbutt, horns 2
a: Renounce Religion, Berserk, Trog's Hand


You were on level 3 of the Dungeon.
You worshipped Trog.
Trog was pleased with you.
You visited 1 branch of the dungeon, and saw 3 of its levels.

You collected 141 gold pieces.

Inventory:

Hand Weapons
 a - a +0 hand axe (weapon)
Scrolls
 b - 3 scrolls of remove curse {unknown}
 f - a scroll of teleportation {unknown}
 k - 2 scrolls of immolation {unknown}
 l - a scroll of amnesia {unknown}
Potions
 c - 3 potions of curing {unknown}
 d - a potion of flight {unknown}
 e - 2 potions of cancellation {unknown}
 g - a potion of haste {unknown}
 h - a potion of invisibility {unknown}
 i - a potion of mutation {unknown}
 j - a potion of brilliance {unknown}


   Skills:
 - Level 3.6 Fighting
 * Level 7.0 Axes
 - Level 2.4 Armour
 - Level 2.1 Dodging


You had 4 spell levels left.
You didn't know any spells.
Your spell library was empty.

Dungeon Overview and Level Annotations

Branches:
Dungeon (3/15)

Altars:
Dithmenos


Innate Abilities, Weirdness & Mutations

You reflexively headbutt those who attack you in melee.
You have a pair of horns on your head.


Message History

You headbutt the gnoll, but do no damage.
The gnoll is severely wounded.
The gnoll hits you with a +0 club!
You are too injured to fight recklessly!
You are too injured to fight recklessly!
You hit the gnoll.
The gnoll is severely wounded.
The gnoll hits you with a +0 club!
* * * LOW HITPOINT WARNING * * *
You are too injured to fight recklessly!
You completely miss the gnoll. You headbutt the gnoll.
The gnoll is almost dead.
The gnoll hits you with a +0 club.
* * * LOW HITPOINT WARNING * * *
You are too injured to fight recklessly!
You are too injured to fight recklessly!
A red film seems to cover your vision as you go berserk!
You feel yourself moving faster!
You feel mighty! The gnoll hits you with a +0 club!
You die...

###.......#
..........#
#......######.
#.............
#.))....######
#...)...#
#(#####...#
##g..## ##.#
##@###.## ...
#..#.#..#####.#
#.#.⌠.#..[....#
#..#.#..#######
##.###.........
##...#########
#.#.# .. #.# ##
#<#


You could see a gnoll.

Vanquished Creatures
  5 gnolls (D:3)
  2 adders (D:2)
  4 worms (D:2)
  3 leopard geckos
  A giant cockroach (D:2)
  10 goblins
  10 hobgoblins
  2 jackals (D:1)
  6 kobolds
  A ball python (D:2)
  5 bats
  7 frilled lizards
  7 rats
63 creatures vanquished.

Notes
Turn   | Place    | Note
-------+----------+-------------------------------------------
     0 | D:1      | Zeld the Minotaur Berserker began the quest for the Orb.
     0 | D:1      | Reached XP level 1. HP: 19/19 MP: 0/0
    97 | D:1      | Reached skill level 4 in Axes
   394 | D:1      | Reached XP level 2. HP: 16/26 MP: 1/1
  1061 | D:1      | Reached skill level 5 in Axes
  1534 | D:2      | Reached XP level 3. HP: 31/31 MP: 2/2
  1534 | D:2      | Reached ** piety under Trog
  1750 | D:2      | Found a shadowy altar of Dithmenos.
  2012 | D:2      | Reached skill level 6 in Axes
  2012 | D:2      | Reached XP level 4. HP: 22/39 MP: 3/3
  2252 | D:2      | Found a faded altar of an unknown god.
  2914 | D:3      | Reached skill level 7 in Axes
  2914 | D:3      | Reached XP level 5. HP: 28/45 MP: 4/4
  2920 | D:3      | HP: 2/45 [gnoll/+0 club (6)]
  2921 | D:3      | Slain by a gnoll

Illustrated notes

Levels and vault maps discovered:
D:1:      lemuel_arrival_broad_hall, layout_loops_corners
D:2:      layout_rooms, grunt_dithmenos_smoke_and_mirrors,
          chequers_ecumenical_altar_simple_redux, chequers_serial_rivers_room_b
D:3:      layout_basic, minmay_misc_feat_ornament, grunt_decor_one_mirror,
          minivault_23, grunt_decor_cap

Skill      XL: |  1  2  3  4 |
---------------+-------------+-----
Axes           | 4 5 6 7 |  7.0
Fighting       | |  3.6
Armour         | |  2.4
Dodging        | |  2.1

Action                   |  1- 3 |  4- 6 || total
-------------------------+-------+-------++-------
Melee: Hand axe          |    83 |    42 ||   125
       Headbutt          |     4 |     5 ||     9
Invok: Berserk           |     2 |     2 ||     4
Dodge: Dodged            |    57 |    32 ||    89
